 Dungeon Crawl Stone Soup version 0.26-a0-1181-gd376ed14c5 (webtiles) character file.

Game seed: 10522909791690362460

9 Azzok the Skirmisher (level 2, 24/24 HPs)
             Began as a Demonspawn Berserker on Dec 26, 2020.
             Was a Follower of Trog.
             Quit the game on level 2 of the Dungeon.
             The game lasted 00:00:41 (1202 turns).

Azzok the Skirmisher (Demonspawn Berserker)         Turns: 1202, Time: 00:00:42

Health: 24/24      AC:  6    Str: 17    XL:     2   Next: 6%
Magic:  2/2        EV: 10    Int:  8    God:    Trog [*.....]
Gold:   88         SH:  0    Dex: 12    Spells: 1/1 levels left

rFire    + . .     SeeInvis .   a - +0 hand axe
rCold    . . .     Faith    .   (no shield)
rNeg     . . .     Spirit   .   d - +0 scale mail
rPois    .         Reflect  .   (no helmet)
rElec    .         Harm     .   (no cloak)
rCorr    .         Rampage  .   (no gloves)
Will     .....                  (no boots)
Stlth    ..........             (no amulet)
HPRegen  0.08/turn              (no ring)
MPRegen  0.08/turn              (no ring)

@: no status effects
A: fire resistance 1
a: Renounce Religion, Berserk


You were on level 2 of the Dungeon.
You worshipped Trog.
Trog was aware of your devotion.
You visited 1 branch of the dungeon, and saw 2 of its levels.

You collected 88 gold pieces.

Inventory:

Hand Weapons
 a - a +0 hand axe (weapon)
Armour
 d - a +0 scale mail (worn)
Scrolls
 b - 2 scrolls of teleportation {unknown}
 c - 5 scrolls of identify {unknown}
 e - a scroll of immolation {unknown}
 f - a scroll of remove curse {unknown}
 h - a scroll of magic mapping {unknown}
 j - a scroll of fear {unknown}
Potions
 g - a potion of heal wounds {unknown}
 i - 2 potions of resistance {unknown}
 k - a potion of attraction {unknown}


   Skills:
 + Level 3.1 Fighting
 + Level 2.8 Axes
 + Level 2.0 Armour
 + Level 2.0 Dodging


You had one spell level left.
You didn't know any spells.
Your spell library was empty.

Dungeon Overview and Level Annotations

Branches:
Dungeon (2/15)

Altars:


Innate Abilities, Weirdness & Mutations

Your flesh is heat resistant. (rF+)


Message History

Trog accepts your kill.
No target in view!
No target in view!
No target in view!
No target in view!
No target in view!
No target in view!
No target in view!
No target in view!
No target in view!
No target in view!
No target in view!
A rat comes into view.
You see here an orange potion.
A rat is nearby!
A rat is nearby!
Are you sure you want to abandon this character and quit the game? (Confirm with "yes".)
Okay, then.
Unknown command.
Are you sure you want to abandon this character and quit the game? (Confirm with "yes".)

▒ ···········▒▒▒▒▒▒
▒ ▒···▒········▒ ▒
▒···▒······▒·▒ ▒
▒···▒·▒▒···▒·▒ ▒
·····▒·▒▒··▒▒·▒ ▒
▒▒▒··▒·▒▒··▒▒·▒ ▒
▒··▒·▒▒··▒▒·▒
·▒▒▒·▒▒··▒··▒··▒▒·▒
·······@·▒▒·▒··▒▒·▒
▒▒▒▒··▒▒····▒··▒▒·▒
·P·P····▒··▒
·P≈≈≈··▒·▒▒·▒
P≈≈≈≈≈P·†···▒
·r≈♣≈≈▒▒·▒▒·····
≈≈≈≈≈♣ ··▒▒·▒·▒▒
≈≈≈≈ ·······▒ ·≈≈
·▒·· ▒▒ ▒


You could see a rat.

Vanquished Creatures
  A leopard gecko (D:2)
  A giant cockroach (D:1)
  A goblin (D:2)
  2 hobgoblins
  A kobold (D:2)
  A rat (D:1)
7 creatures vanquished.

Notes
Turn   | Place    | Note
-------+----------+-------------------------------------------
     0 | D:1      | Azzok the Demonspawn Berserker began the quest for the Orb.
     0 | D:1      | Reached XP level 1. HP: 18/18 MP: 1/1
  1069 | D:2      | Gained mutation: Your flesh is heat resistant. (rF+)
                  | [demonic ancestry]
  1069 | D:2      | Reached XP level 2. HP: 20/24 MP: 2/2
  1202 | D:2      | Quit the game

Illustrated notes

Levels and vault maps discovered:
D:1:      mrwooster_arrival_statue_3, layout_basic, due_unseen_surprise
D:2:      layout_basic, serial_bayou_pond_b, st_stairs_6, uniq_jessica

Skill      XL: |  1 |
---------------+----+-----
Armour         | 2 |  2.0
Dodging        | 2 |  2.0
Fighting       | |  3.1
Axes           | |  2.8

Action                   || total
-------------------------++-------
Melee: Hand axe          ||    28
Armor: Scale mail        ||     6
Dodge: Dodged            ||    10

Table legend: (Time is in decaauts)
 A = Elapsed time spent in this place.
 B = Non-inter-level travel time spent in this place.
 C = Inter-level travel time spent in this place.
 D = Time resting spent in this place.
 E = Time spent auto-exploring this place.
 F = Levels seen in this place.
 G = Mean time per level.
                   A        B        C        D        E       F      G
               +--------+--------+--------+--------+--------+-----+--------+
         Total |   1206 |   1199 |      7 |      0 |   1108 |   2 |  603.0 |
       Dungeon |   1206 |   1199 |      7 |      0 |   1108 |   2 |  603.0 |
               +--------+--------+--------+--------+--------+-----+--------+

Top non-repeatable levels by time:
     D:1: 810 daAuts
     D:2: 395 daAuts
